 Dungeon Crawl Stone Soup version 0.20.1-1-g8b1a95d (webtiles) character file.

26 letownia2 the Grave Robber (level 2, -3/22 HPs)
             Began as a Deep Dwarf Necromancer on Oct 29, 2017.
             Killed from afar by an orc wizard (5 damage)
             ... with a puff of flame
             ... on level 4 of the Dungeon.
             The game lasted 00:02:38 (818 turns).

letownia2 the Grave Robber (Deep Dwarf Necromancer)  Turns: 818, Time: 00:02:39

Health: -3/22      AC:  2    Str: 11    XL:     2   Next: 89%
Magic:  4/5        EV: 12    Int: 15    God:
Gold:   47         SH:  0    Dex: 13    Spells: 4/5 levels left

rFire    . . .     SeeInvis .   a - +2 whip (venom)
rCold    . . .     Gourm    .   (no shield)
rNeg     . . .     Faith    .   g - +0 robe
rPois    .         Spirit   .   (no helmet)
rElec    .         Reflect  .   (no cloak)
rCorr    .         Harm     .   (no gloves)
MR       .....                  (no boots)
Stlth    ++........             (no amulet)
Regen    0.0/turn               (no ring)
MPRegen  0.1/turn               (no ring)

@: non-regenerating
A: damage resistance, heal wounds, sense surroundings 1, no regeneration
a: Heal Wounds


You were on level 4 of the Dungeon.
You were not hungry.

You visited 1 branch of the dungeon, and saw 4 of its levels.

You collected 47 gold pieces.

Inventory:

Hand Weapons
 a - a +2 whip of venom (weapon)
Armour
 g - a +0 robe (worn)
 n - a cursed +0 scale mail
Scrolls
 d - 2 scrolls of remove curse {unknown}
 i - 2 scrolls of identify {unknown}
 k - a scroll of amnesia {unknown}
 l - a scroll of enchant armour {unknown}
Potions
 e - a potion of curing {unknown}
 h - a potion of heal wounds {unknown}
 j - 2 potions of haste {unknown}
 m - a potion of berserk rage {unknown}
Books
 b - a book of Necromancy

   Spells                             Type                      Level
   a - Pain                           Necromancy                   1
   b - Animate Skeleton               Necromancy                   1
   c - Vampiric Draining              Necromancy                   3
   d - Regeneration                   Charms/Necromancy            3
   e - Animate Dead                   Necromancy                   4
   f - Control Undead                 Necromancy                   4
Comestibles
 c - a bread ration
 f - a chunk of flesh


   Skills:
 - Level 2.1 Dodging
 - Level 2.4 Stealth
 - Level 2.3 Spellcasting
 + Level 5.0 Necromancy


You had 4 spell levels left.
You knew the following spells:

 Your Spells              Type           Power        Failure   Level  Hunger
a - Pain                  Necr           ###.         2%          1    #......


Dungeon Overview and Level Annotations

Branches:
Dungeon (4/15)
 Temple: D:4-7

Altars:


Innate Abilities, Weirdness & Mutations

You are resistant to damage.
You can heal yourself by infusing magical energy.
You passively map a small area around you.
You do not regenerate.


Message History

The orc wizard shouts!
The orc wizard mumbles some strange words.
The orc wizard seems to speed up.
You found a shaft!
Found a quarterstaff.
Found a scroll labeled KUFOAKHL QUWIC.
You see here a quarterstaff.
The orc wizard points at you and mumbles some strange words.
The puff of flame hits you!
* * * LOW HITPOINT WARNING * * *
Unknown command.
Casting: Pain
Confirm with . or Enter, or press ? or * to list all spells.
Aiming: Pain
Press: ? - help, Shift-Dir - straight line, f - orc wizard
Aim: an orc wizard, wielding a hand axe and wearing a robe (chance to defeat MR: 75%)
The orc wizard struggles to resist.
The orc wizard gestures at you while chanting.
The puff of flame hits you!
You die...

# # #o######..###.# *
#.# #^....).......#
......######.?#####
...##.# ##.....# ...
#.#####.#.#..###* ...
................ ,
...*#######.#o#..###**
, #.. ##...#o#


gg# * ##.##@# ,## #.##.# * * #.##.# , * **######.##.# ...........# *
*############ You could see an orc wizard.

Vanquished Creatures
  An adder (D:3)
  A dart slug (D:4)
  2 orcs (D:3)
  A giant cockroach (D:3)
  A goblin (D:3)
  2 quokkas
  2 bats
  A frilled lizard (D:3)
  2 kobolds
  2 rats
15 creatures vanquished.

Notes
Turn   | Place    | Note
-------+----------+-------------------------------------------
     0 | D:1      | letownia2 the Deep Dwarf Necromancer began the quest for the Orb.
     0 | D:1      | Reached XP level 1. HP: 15/15 MP: 3/3
   328 | D:3      | Reached XP level 2. HP: 8/22 MP: 0/5
   635 | D:3      | Found a faded altar of an unknown god.
   704 | D:4      | Noticed an ogre
   725 | D:3      | Reached skill level 5 in Necromancy
   818 | D:4      | Killed from afar by an orc wizard

Skill      XL: |  1  2 |
---------------+-------+-----
Spellcasting   | 2 |  2.3
Necromancy     | 5 |  5.0
Dodging        | |  2.1
Stealth        | |  2.4

Action                   || total
-------------------------++-------
Melee: Whip              ||     1
 Cast: Pain              ||    30
Dodge: Dodged            ||     7
